Map: [ESL] Goldenaura

Players

Epic

  • Race: Terran Terran
  • Spawn Location: 12:00

SpeCial - Winner!

  • Race: Terran Terran
  • Spawn Location: 5:00

Event: ESL SC2 Masters 2024 Spring (Regional)

VOD

Have the link to the VOD?

Description

Time

  • Played on: April 12, 2024, 3:40 p.m.
  • Length: 10:54

All games in this series

Show
View Real Time Build Order
Export as new Build Order

Epic Terran 

Build Orders: Cyclone Opening 

Get SALT Encoding   

  12  0:00  SCV  
  13  0:12  SCV  
  14  0:17  Supply Depot  
  14  0:24  SCV  
  15  0:38  SCV  
  15  0:40  Barracks  
  16  0:43  Refinery  
  16  0:50  SCV  
  16  0:52  Refinery  
  17  1:02  SCV  
  18  1:14  SCV  
  19  1:26  Orbital Command, Reaper  
  19  1:27  Supply Depot  
  20  1:40  Factory  
  20  1:52  SCV  
  21  1:58  Reaper  
  22  2:04  SCV  
  23  2:17  Command Center  
  23  2:20  SCV  
  24  2:28  Cyclone  
  26  2:32  SCV, Reaper  
  28  2:43  Supply Depot  
  28  2:45  SCV  
  28  2:52  Starport  
  28  2:57  SCV  
  29  3:02  Factory Tech Lab  
  28  3:06  Barracks Reactor  
  28  3:09  SCV  
  29  3:20  Siege Tank  
  29  3:21  SCV  
  33  3:30  Starport Tech Lab  
  33  3:34  SCV  
  34  3:37  Orbital Command  
  34  3:40  Refinery  
  34  3:42  Marine x2  
  34  3:46  SCV  
  37  3:52  Raven  
  39  3:59  SCV  
  40  4:03  SCV  
  41  4:10  Command Center  
  41  4:12  SCV  
  41  4:15  SCV  
  43  4:19  Siege Tank  
  46  4:25  SCV  
  46  4:27  SCV  
  46  4:29  Supply Depot  
  48  4:32  Raven  
  48  4:37  SCV  
  51  4:38  Marine  
  51  4:39  SCV, Marine  
  51  4:41  Interference Matrix  
  54  4:50  SCV  
  54  4:51  SCV, Supply Depot  
  51  5:07  Raven, Barracks  
  51  5:10  SCV x2  
  53  5:14  Stimpack  
  53  5:15  Factory Reactor  
  53  5:18  Barracks  
  53  5:22  SCV x2  
  53  5:24  Orbital Command  
  55  5:31  Marine  
  55  5:34  SCV x2  
  58  5:40  Engineering Bay  
  58  5:41  Engineering Bay  
  58  5:46  SCV  
  58  5:47  SCV  
  60  5:55  SCV  
  60  5:59  SCV x2, Siege Tank, Marine  
  60  6:00  Marine x2  
  65  6:04  Starport Reactor  
  65  6:10  SCV  
  65  6:11  SCV  
  61  6:14  SCV, Terran Infantry Weapons Level 1  
  61  6:15  Terran Infantry Armor Level 1, Marine x2  
  61  6:17  Marine x2  
  61  6:18  Marine  
  67  6:23  Refinery  
  67  6:24  SCV, Supply Depot  
  67  6:25  SCV  
  69  6:26  SCV  
  70  6:33  Siege Tank  
  70  6:34  Marine  
  70  6:38  Supply Depot  
  70  6:39  SCV x2, Orbital Command  
  76  6:41  Marine  
  76  6:42  Medivac  
  76  6:44  Medivac  
  81  6:51  SCV x2  
  82  6:58  Marine x4  
  82  6:59  Marine  
  76  7:09  Siege Tank  
  76  7:10  SCV x2  
  80  7:16  Marine  
  80  7:21  Marine x3  
  80  7:22  Marine  
  76  7:30  Armory  
  76  7:31  Barracks x2  
  76  7:32  Combat Shield  
  76  7:33  Marine  
  77  7:39  SCV x2, Marine x4  
  77  7:42  Siege Tank  
  86  7:45  Medivac  
  86  7:49  Medivac  
  90  7:51  Marine  
  90  7:56  SCV x2  
  90  7:57  Supply Depot, Marine x4  
  97  8:08  SCV x2  
  97  8:09  Marine  
  100  8:15  Marine  
  100  8:17  Marine  
  100  8:18  Marine x2  
  89  8:20  Siege Tank  
  87  8:27  Medivac x2, Barracks Reactor x2, Marine  
  87  8:32  SCV x2, Marine  
  94  8:40  Supply Depot  
  94  8:41  Marine x2  
  95  8:42  Marine  
  95  8:45  Marine  
  98  8:50  Marine  
  86  8:59  Marine x2  
  86  9:00  Marine  
  86  9:02  Siege Tank, Marine  
  86  9:06  Marine  
  86  9:07  Marine x3  
  86  9:08  Marine  
  92  9:16  Marine  
  92  9:17  Marine x2  
  87  9:18  Orbital Command  
  87  9:20  Marine  
  77  9:24  Marine x4  
  77  9:26  Marine  
  77  9:28  Medivac  
  75  9:34  Widow Mine, Marine  
  75  9:35  Marine x2  
  76  9:38  Marine  
  76  9:42  SCV, Marine x3  
  76  9:44  Marine  
  79  9:52  SCV x2, Marine x2  
  77  9:53  Marine  
  77  9:54  SCV  
  77  9:57  Siege Tank  
  77  9:58  Marine  
  83  10:00  Marine x2  
  83  10:01  Marine  
  83  10:03  Medivac  
  88  10:08  Marine  
  88  10:10  Marine x2  
  88  10:11  Marine  
  90  10:16  Marine  
  90  10:18  Marine  
  90  10:20  SCV x3, Medivac  
  88  10:24  Marine x2  
  88  10:26  Marine  
  88  10:28  Marine x2  
  92  10:29  Marine  
Show
View Real Time Build Order
Export as new Build Order

SpeCial Terran - Winner!

Build Orders: Cyclone Opening 

Get SALT Encoding   

  12  0:00  SCV  
  13  0:12  SCV  
  14  0:17  Supply Depot  
  14  0:24  SCV  
  15  0:39  SCV, Barracks  
  16  0:44  Refinery  
  16  0:51  SCV  
  16  0:53  Refinery  
  17  1:03  SCV  
  18  1:15  SCV  
  19  1:26  Reaper  
  19  1:27  Orbital Command  
  20  1:36  Supply Depot  
  20  1:40  Factory  
  20  1:53  SCV  
  21  1:58  Reaper  
  22  2:05  SCV  
  23  2:17  SCV  
  23  2:20  Command Center  
  24  2:28  Cyclone  
  25  2:33  SCV  
  26  2:44  Starport  
  26  2:46  Barracks Tech Lab, SCV  
  27  2:52  Supply Depot  
  27  2:58  SCV  
  27  3:02  Widow Mine  
  30  3:11  SCV  
  31  3:15  Barracks Tech Lab  
  31  3:18  Refinery  
  31  3:23  SCV  
  31  3:25  Cyclone  
  34  3:29  Banshee  
  37  3:35  SCV  
  38  3:42  Orbital Command  
  38  3:43  Barracks Reactor  
  38  3:47  SCV  
  39  4:00  SCV  
  40  4:04  Command Center  
  40  4:07  SCV  
  41  4:12  SCV, Raven  
  44  4:18  Siege Tank  
  44  4:22  SCV  
  48  4:24  Marine x2  
  48  4:29  Supply Depot  
  50  4:31  Interference Matrix  
  50  4:33  SCV  
  50  4:35  SCV  
  52  4:42  Marine x2  
  54  4:50  SCV x2  
  54  4:51  Raven  
  58  4:53  Siege Tank  
  61  5:03  SCV  
  62  5:07  Supply Depot  
  62  5:12  Marine x2  
  62  5:13  SCV  
  62  5:15  SCV, Orbital Command  
  63  5:21  Barracks  
  63  5:23  Barracks  
  63  5:25  SCV, Raven  
  66  5:29  SCV  
  66  5:35  Siege Tank  
  70  5:38  Marine x2  
  72  5:43  SCV  
  72  5:50  Orbital Command  
  72  5:51  SCV  
  72  5:54  Refinery  
  72  5:55  Marine  
  72  5:56  Marine  
  75  5:58  SCV  
  75  6:03  SCV  
  75  6:09  Siege Tank  
  77  6:12  SCV  
  77  6:15  SCV  
  77  6:16  Marine x2  
  81  6:20  Starport Reactor  
  81  6:22  SCV, Engineering Bay x2  
  81  6:24  SCV  
  81  6:25  Marine  
  84  6:28  SCV, Stimpack  
  85  6:35  Supply Depot  
  85  6:44  Barracks Reactor  
  85  6:56  SCV x3, Siege Tank, Marine x2  
  85  6:59  Marine  
  92  7:03  Medivac  
  92  7:06  Medivac  
  88  7:08  SCV x2  
  88  7:09  SCV  
  88  7:14  Marine x2  
  88  7:15  Terran Infantry Weapons Level 1, Terran Infantry Armor Level 1  
  93  7:18  Marine  
  93  7:20  SCV  
  93  7:22  SCV, Marine  
  92  7:24  Marine  
  92  7:28  SCV, Siege Tank  
  93  7:35  Supply Depot  
  93  7:36  Supply Depot  
  93  7:44  Barracks  
  93  7:46  Barracks  
  93  7:55  Supply Depot  
  93  7:56  SCV, Medivac, Marine x5  
  93  7:57  Medivac  
  103  7:59  Supply Depot x2  
  103  8:00  Siege Tank  
  103  8:04  Sensor Tower  
  106  8:07  SCV x2  
  106  8:10  Combat Shield  
  108  8:14  Marine x3  
  108  8:16  Marine x2  
  111  8:24  SCV x2  
  111  8:25  Refinery  
  111  8:26  Medivac, Refinery, Supply Depot  
  115  8:27  Medivac  
  115  8:32  Marine x3  
  115  8:34  Marine x2  
  121  8:36  Command Center  
  121  8:40  Siege Tank  
  125  8:41  Barracks Reactor  
  125  8:43  Barracks Reactor  
  125  8:47  SCV x2  
  127  8:49  Marine x3  
  127  8:51  Marine  
  127  8:53  Marine  
  120  8:56  Medivac  
  120  9:07  Marine x3  
  120  9:09  Factory, Marine  
  124  9:11  Marine  
  125  9:17  Siege Tank  
  125  9:20  Marine  
  125  9:23  Marine  
  121  9:24  Marine  
  121  9:25  Marine x3  
  121  9:26  SCV  
  121  9:27  Marine  
  121  9:29  Marine  
  121  9:30  Marine  
  122  9:35  SCV x2  
  122  9:38  SCV, Marine  
  122  9:40  Marine  
  122  9:42  Marine  
  122  9:43  Armory, Marine x2  
  122  9:45  Marine  
  121  9:47  SCV, Marine  
  121  9:48  SCV, Marine  
  121  9:50  SCV  
  121  9:52  Siege Tank  
  126  9:53  Liberator  
  126  9:56  Marine  
  126  9:58  Marine  
  126  9:59  SCV, Liberator, Marine  
  134  10:01  Marine  
  134  10:04  Marine  
  134  10:05  Marine  
  138  10:08  Barracks Reactor  
  138  10:10  Marine x2  
  138  10:13  Siege Tank  
  143  10:19  Marine x2  
  137  10:22  Marine x2  
  137  10:23  Marine x2  
  137  10:28  Marine x2  
Tags
 
Add a new tag
Caveats
  • Supply blocks, unpowered buildings, or Contaminate may cause inaccurate times.
  • Supply counts are checked every 10 seconds.